 Dungeon Crawl Stone Soup version 0.27-a0-1434-g6f15984924 (webtiles) character file.

Game seed: 5674765179619159935

51 Sobieck the Chiller (level 3, 0/24 (26) HPs)
             Began as a Gnoll Ice Elementalist on July 3, 2021.
             Slain by a bullfrog zombie (3 damage)
             ... on level 6 of the Dungeon.
             The game lasted 00:04:16 (1890 turns).

Sobieck the Chiller (Gnoll Ice Elementalist)        Turns: 1890, Time: 00:04:17

HP:   0/24 (26)     AC:  2    Str:  7    XL:     3   Next: 81%
MP:   9/9           EV: 13    Int: 15    God:
Gold: 26            SH:  0    Dex: 12    Spells: 5/12 levels left

rFire    . . .     SeeInvis .   d - +0 whip {mace}
rCold    . . .     Faith    .   (no shield)
rNeg     . . .     Spirit   .   a - +0 robe
rPois    .         Reflect  .   (no helmet)
rElec    .         Harm     .   (no cloak)
rCorr    .         Rampage  .   (no gloves)
Will     .....                  (no boots)
Stlth    ++........             (no amulet)
HPRegen  0.08/turn              (no ring)
MPRegen  0.11/turn              (no ring)

@: drained
A: fangs 1, strong nose, distributed training
a: no special abilities


You were on level 6 of the Dungeon.
You visited 1 branch of the dungeon, and saw 5 of its levels.

You collected 26 gold pieces.


Innate Abilities, Weirdness & Mutations

You have very sharp teeth.
Your uncanny sense of smell can sniff out nearby items.
Your experience applies equally to all skills.


   Skills:
 + Level 1.0 Fighting
 + Level 1.0 Short Blades
 + Level 1.0 Long Blades
 + Level 1.0 Axes
 + Level 1.0 Maces & Flails
 + Level 1.0 Polearms
 + Level 1.0 Staves
 + Level 1.0 Slings
 + Level 1.0 Bows
 + Level 1.0 Crossbows
 + Level 1.0 Throwing
 + Level 1.0 Armour
 + Level 4.6 Dodging
 + Level 4.2 Stealth
 + Level 1.0 Shields
 + Level 1.0 Unarmed Combat
 + Level 5.0 Spellcasting
 + Level 0.7 Conjurations
 + Level 0.7 Hexes
 + Level 0.7 Summonings
 + Level 0.7 Necromancy
 + Level 0.7 Translocations
 + Level 0.7 Transmutations
 + Level 0.7 Fire Magic
 + Level 7.1 Ice Magic
 + Level 0.7 Air Magic
 + Level 0.7 Earth Magic
 + Level 0.7 Poison Magic
 + Level 1.0 Invocations
 + Level 1.0 Evocations


You had 5 spell levels left.
You knew the following spells:

 Your Spells              Type           Power      Damage    Failure   Level
a - Freeze                Ice            100%       1d11      1%          1
b - Frozen Ramparts       Ice            50%        1d7       2%          3
c - Ozocubu's Armour      Ice            25%        N/A       2%          3

Your spell library contained the following spells:

 Spells                   Type           Power      Damage    Failure   Level
 Hailstorm                Conj/Ice       15%        3d5       32%         4

Inventory:

Hand Weapons
 c - a +0 dagger {short}
   (You took it off a goblin on level 1 of the Dungeon)
 d - a +0 whip (weapon) {mace}
   (You found it on level 1 of the Dungeon)
 e - a +0 antimagic whip {mace}
   (You took it off a kobold on level 1 of the Dungeon)
Missiles
 g - 6 stones {throwing}
Armour
 a - a +0 robe (worn)
Scrolls
 h - a scroll of acquirement {unknown}
Potions
 b - a potion of might {unknown}
 f - a potion of heal wounds {unknown}

Dungeon Overview and Level Annotations

Branches:
Dungeon (4/15)
 Temple: D:4-7

Altars:

..................
..................
#.................
###.............#
#..............#
#...#..........#
#...####.....###
#..# ##.Z.## ...
##@## .. ###


You could see a bullfrog zombie.


Message History

Your Staves skill increases to level 1!
Your Slings skill increases to level 1!
Your Bows skill increases to level 1!
Your Crossbows skill increases to level 1!
Your Throwing skill increases to level 1!
Your Armour skill increases to level 1!
Your Shields skill increases to level 1!
Your Unarmed Combat skill increases to level 1!
Your Evocations skill increases to level 1! 😕 HP[+1]
You now have 24 max hp (+1).
No target in view!
(D) Dungeon
Where to? (Enter - D:3, ? - help)
There is a stone staircase leading down here.
You climb downwards.
The bat hits you. The necrophage completely misses you. The bat misses you.
The necrophage hits you but does no damage.
There is a stone staircase leading up here.
The bat hits you but does no damage. The necrophage closely misses you.
You climb upwards.
There is a stone staircase leading down here.
You see here a ball python corpse.
Press: ? - help, v - describe, . - travel The floor. 😕 HP[+1] Unknown command.
You see here 8 gold pieces.
There is a stone staircase leading up, spattered with blood here.
The necrophage hits you.
You climb upwards.
There is a stone staircase leading down here. 😮 HP[-5]
You take 5 damage, and now have 18/24 hp.
MASSIVE DAMAGE!! (PAUSE)
The necrophage barely misses you. The necrophage misses you. 😕 HP[+1]
The necrophage hits you!
* * * LOW HITPOINT WARNING * * *
😨 HP[-7]
You take 7 damage, and now have 12/24 hp.
MASSIVE DAMAGE!! (PAUSE) 😮 HP[+1]
There is a stone staircase leading down here.
You climb downwards.
There is a stone staircase leading up here.
You now have 26 gold pieces (gained 11).
g - 6 stones {throwing} (gained 1)
You see here a +0 short sword {short}. 😎 HP[+11]
Your hp is fully restored (24).
There is a stone staircase leading down here.
There is a stone staircase leading down here.
You climb downwards.
There is a stone staircase leading up here.
Saving game... please wait. 🤖 Initializing magus.rc ...
Options error: Delay interrupt name "hungry" not recognised. (~/.crawlrc:4781) ✅ Successfully initialized magus.rc [v1.9.6] Welcome back, Sobieck the Gnoll Ice Elementalist.
Press ? for a list of commands and other information.
You fall into a shaft and drop 3 floors!
The shaft crumbles and collapses.
A bullfrog zombie comes into view.
The bullfrog zombie hits you. 😕 HP[-3]
You take 3 damage, and now have 21/24 hp.
You hit the bullfrog zombie but do no damage.
The bullfrog zombie hits you. 😕 HP[-1]
You take 1 damage, and now have 20/24 hp.
You hit the bullfrog zombie. The bullfrog zombie barely misses you.
You hit the bullfrog zombie. The bullfrog zombie closely misses you.
The bullfrog zombie hits you. 😕 HP[-1]
You take 1 damage, and now have 19/24 hp.
You hit the bullfrog zombie but do no damage.
The bullfrog zombie closely misses you.
You barely miss the bullfrog zombie. The bullfrog zombie barely misses you.
The bullfrog zombie hits you. 😮 HP[-5]
You take 5 damage, and now have 14/24 hp.
MASSIVE DAMAGE!! (PAUSE)
You hit the bullfrog zombie.
You bite the bullfrog zombie, but do no damage.
The bullfrog zombie misses you.
You barely miss the bullfrog zombie. The bullfrog zombie hits you.
* * * LOW HITPOINT WARNING * * *
😨 HP[-4]
You take 4 damage, and now have 10/24 hp.
You hit the bullfrog zombie. The bullfrog zombie hits you.
* * * LOW HITPOINT WARNING * * *
The bullfrog zombie hits you.
* * * LOW HITPOINT WARNING * * *
😱 HP[-7]
You take 7 damage, and now have 3/24 hp.
MASSIVE DAMAGE!! (PAUSE)
Okay, then.
You hit the bullfrog zombie. The bullfrog zombie hits you.
You die...

Skill      XL: |  1  2  3 |
---------------+----------+-----
Spellcasting   | 5 |  5.0
Invocations    | 1 |  1.0
Fighting       | 1 |  1.0
Short Blades   | 1 |  1.0
Long Blades    | 1 |  1.0
Axes           | 1 |  1.0
Maces & Flails | 1 |  1.0
Polearms       | 1 |  1.0
Staves         | 1 |  1.0
Slings         | 1 |  1.0
Bows           | 1 |  1.0
Crossbows      | 1 |  1.0
Throwing       | 1 |  1.0
Armour         | 1 |  1.0
Shields        | 1 |  1.0
Unarmed Combat | 1 |  1.0
Evocations     | 1 |  1.0
Dodging        | |  4.6
Stealth        | |  4.2
Conjurations   | |  0.7
Hexes          | |  0.7
Summonings     | |  0.7
Necromancy     | |  0.7
Translocations | |  0.7
Transmutations | |  0.7
Fire Magic     | |  0.7
Ice Magic      | |  7.1
Air Magic      | |  0.7
Earth Magic    | |  0.7
Poison Magic   | |  0.7

Action                   || total
-------------------------++-------
Melee: Unarmed           ||     4
       Whip              ||    58
       Dagger            ||     4
       Bite              ||     4
       Punch             ||     1
 Cast: Freeze            ||    31
       Frozen Ramparts   ||     6
       Ozocubu's Armour  ||     3
 Stab: Sleeping          ||     1
Armor: Robe              ||    34
Dodge: Dodged            ||    81

Levels and vault maps discovered:
D:1:      dpeg_arrival_boxes_within_box, layout_basic
D:2:      layout_rooms, shapermc_ecumenical_altar_notcrosses, serial_shops,
          shop_fountains, patterned_corridor
D:3:      kennysheep_six_static_rooms, layout_rooms, jmf_multi_god_temple2,
          nrook_mini_vaults, uniq_ijyb
D:4:      layout_basic, kennysheep_mini, uniq_menkaure, uniq_grinder, uniq_robin
D:6:      layout_layer_cave, uniq_crazy_yiuf_cottage, uniq_maggie

Notes
Turn   | Place    | Note
-------+----------+-------------------------------------------
     0 | D:1      | Sobieck the Gnoll Ice Elementalist began the quest for the
                  | Orb.
     0 | D:1      | Reached XP level 1. HP: 13/13 MP: 6/6
     0 | D:1      | magus.rc [v1.9.6]
   115 | D:1      | Reached XP level 2. HP: 9/19 MP: 0/7
   770 | D:1      | Reached XP level 3. HP: 24/25 MP: 5/9
   772 | D:1      | Reached skill level 5 in Spellcasting
  1006 | D:1      | Learned a level 3 spell: Frozen Ramparts
  1010 | D:1      | Learned a level 3 spell: Ozocubu's Armour
  1330 | D:1      | Reached skill level 1 in Invocations
  1614 | D:2      | You fall into a shaft and drop 2 floors!
  1615 | D:4      | Noticed a necrophage
  1642 | D:2      | Reached skill level 1 in Fighting
  1642 | D:2      | Reached skill level 1 in Short Blades
  1642 | D:2      | Reached skill level 1 in Long Blades
  1642 | D:2      | Reached skill level 1 in Axes
  1642 | D:2      | Reached skill level 1 in Maces & Flails
  1642 | D:2      | Reached skill level 1 in Polearms
  1642 | D:2      | Reached skill level 1 in Staves
  1642 | D:2      | Reached skill level 1 in Slings
  1642 | D:2      | Reached skill level 1 in Bows
  1642 | D:2      | Reached skill level 1 in Crossbows
  1642 | D:2      | Reached skill level 1 in Throwing
  1642 | D:2      | Reached skill level 1 in Armour
  1642 | D:2      | Reached skill level 1 in Shields
  1642 | D:2      | Reached skill level 1 in Unarmed Combat
  1642 | D:2      | Reached skill level 1 in Evocations
  1862 | D:3      | magus.rc [v1.9.6]
  1870 | D:3      | You fall into a shaft and drop 3 floors!
  1889 | D:6      | HP: 4/24 [bullfrog zombie (6)]
  1890 | D:6      | Slain by a bullfrog zombie

Vanquished Creatures
  6 bats
  4 endoplasms
  3 goblins
  5 hobgoblins
  9 jackals
  5 kobolds
  2 quokkas (D:1)
  4 ball pythons
  3 frilled lizards
  2 giant cockroaches (D:1)
  3 rats
46 creatures vanquished.

Table legend:
 A = Non-vault XP
 B = Vault XP
 C = Vault XP percentage of total XP
 D = Non-vault monster count
 E = Vault monster count
 F = Vault count percentage of total count
                 A         B        C        D         E       F
            +---------+---------+-------+---------+---------+-------
      Total |      73 |       0 |   0.0 |      46 |       0 |   0.0
            +---------+---------+-------+---------+---------+-------
        D:1 |      54 |       0 |   0.0 |      33 |       0 |   0.0
        D:2 |      19 |       0 |   0.0 |      13 |       0 |   0.0
            +---------+---------+-------+---------+---------+-------

Illustrated notes

Table legend:
 A = Kills in this place as a percentage of kills in entire the game.
 B = Kills by you in this place as a percentage of kills by you in the entire game.
 C = Kills by friends in this place as a percentage of kills by friends in the entire game.
 D = Other kills in this place as a percentage of other kills in the entire game.
 E = Experience gained in this place as a percentage of experience gained in the entire game.
 F = Experience gained in this place divided by the number of levels of this place that you have seen.
                   A       B       C       D       E      F
               +-------+-------+-------+-------+-------+----------------------
         Total | 100.0 | 100.0 |   N/A |   N/A | 100.0 |  14.6
       Dungeon | 100.0 | 100.0 |   N/A |   N/A | 100.0 |  14.6
               +-------+-------+-------+-------+-------+----------------------

Table legend: (Time is in decaauts)
 A = Elapsed time spent in this place.
 B = Non-inter-level travel time spent in this place.
 C = Inter-level travel time spent in this place.
 D = Time resting spent in this place.
 E = Time spent auto-exploring this place.
 F = Levels seen in this place.
 G = Mean time per level.
                   A        B        C        D        E       F      G
               +--------+--------+--------+--------+--------+-----+--------+
         Total |   1897 |   1844 |     53 |    481 |    991 |   5 |  379.4 |
       Dungeon |   1897 |   1844 |     53 |    481 |    991 |   5 |  379.4 |
               +--------+--------+--------+--------+--------+-----+--------+

Top non-repeatable levels by time:
     D:1: 1513 daAuts
     D:2: 342 daAuts
     D:6: 20 daAuts
     D:3: 15 daAuts
     D:4: 5 daAuts
